Match 42258695
Unlisted

Match 42258695
End
Royal Engineer Section
Construct Section Command Post
Selects Canadian Shock Battlegroup
Dingo Light Scout Car
Infantry Section
Infantry Section
Construct Platoon Command Post
Selects Attacking Spirit
Selects Canadian Shock Section
6-pounder Anti-tank Gun Team
Infantry Training
Canadian Shock Section
DangerouslyDumb
Right Click God
YangXYZ
shadow 2
ToXa
Papperlapapp
AitorEdy
jja9597
0
0

Comments sign in to comment!

No comments posted yet!